 Dungeon Crawl Stone Soup version 0.30-a0-721-ga6a225cb13 (webtiles) character file.

Game seed: 4690429446208121622

2658036 gohu the Gargoyle Barricade (level 27, 218/218 HPs)
             Began as a Gargoyle Fighter on Dec 21, 2022.
             Was an Initiate of Gozag.
             Escaped with the Orb
             ... and 4 runes on Jan 27, 2023!
             The game lasted 03:14:07 (58814 turns).

gohu the Gargoyle Barricade (Gargoyle Fighter)     Turns: 58814, Time: 03:14:08

Health: 218/218    AC: 67    Str: 38    XL:     27
Magic:  32/32      EV: 13    Int:  7    God:    Gozag
Gold:   4064       SH: 32    Dex: 21    Spells: 26/26 levels left

rFire   + + .      SeeInvis +    e - +7 sceptre of Torment {pain, torment}
rCold   + + +      Faith    .    Z - +5 tower shield {rC+}
rNeg    + + .      Spirit   .    P - +12 gold dragon scales
rPois   ∞          Reflect  .    (helmet restricted)
rElec   +          Harm     .    k - +2 cloak {Will+}
rCorr   .          Rampage  .    F - +1 pair of gloves {Str+3}
Will    ++++.                    h - +1 pair of boots of Polaf {rC+ Regen+ Str+3 Dex+6} Stlth
                                 A - macabre finger necklace {Finger+ rN+}
HPRegen 1.36/turn                K - ring "Fasyj" {rC+ MP+9 Slay+3 SInv}
MPRegen 0.23/turn                y - +4 ring of slaying
                                 j - ring "Aneir" {rF+ Will+}

@: flying, studying Short Blades
A: sickness immunity, AC +20, big wings, negative energy resistance 1,
electricity resistance, torment resistance 1, petrification resistance, antennae
1, see invisible, agile 1, robust 1, screaming 1
0: Orb of Zot
}: 4/15 runes: decaying, slimy, silver, gossamer
a: Renounce Religion, Potion Petition, Call Merchant, Bribe Branch


You escaped.
You worshipped Gozag.
Gozag was most pleased with you.
You visited 12 branches of the dungeon, and saw 54 of its levels.
You also visited: Bailey, Gauntlet, Ice Cave and Wizlab.

You collected 30690 gold pieces.
You spent 4870 gold pieces at shops.
You paid 21756 gold pieces to Gozag.

Inventory:

Hand Weapons
 e - the +7 sceptre of Torment (weapon) {pain, torment}
   (You found it on level 4 of the Realm of Zot)
 n - the +6 shillelagh "Devastator" {shatter}
   (You found it on level 2 of the Dungeon)
 N - a +9 spectral eveningstar
Missiles
 B - 6 javelins (quivered)
 G - 7 throwing nets
Armour
 f - the +3 pair of seven-league boots {Rampage+∞}
   (You found it on level 3 of the Elven Halls)

   Rampage+∞: When moving toward enemies, its wearer moves as far as possible.
 h - the +1 pair of boots of Polaf (worn) {rC+ Regen+ Str+3 Dex+6}
   (You bought it in a shop on level 5 of the Realm of Zot)

   Str:       It affects your strength (+3).
   Dex:       It affects your dexterity (+6).
   rC:        It protects you from cold.
   Regen:     It increases your rate of health regeneration.
 k - a +2 cloak of willpower (worn)
 F - a +1 pair of gloves of strength (worn)
 M - the +1 helmet of Inaction {Rampage rC+ rN+++ Int-5}
   (You found it in a wizard's laboratory)

   Int:       It affects your intelligence (-5).
   rC:        It protects you from cold.
   rN:        It renders you almost immune to negative energy.
   Rampage:   It bestows one free step when moving towards enemies.
 P - +12 gold dragon scales (worn)
 Q - a +0 tower shield of protection
 V - the +2 helmet of the Harp {rPois rC+ rCorr Int+2 Stlth-}
   (You found it on level 7 of the Dungeon)

   Int:       It affects your intelligence (+2).
   rC:        It protects you from cold.
   rPois:     It protects you from poison.
   rCorr:     It protects you from acid and corrosion.
   Stlth:     It makes you less stealthy.
 X - the +2 cloak of the Sparrow {Dex+4}
   (You found it in a wizard's laboratory)

   Dex:       It affects your dexterity (+4).
 Z - a +5 tower shield of cold resistance (worn)
Jewellery
 a - a +4 ring of slaying
 j - the ring "Aneir" (on amulet) {rF+ Will+}
   (You found it on level 3 of the Elven Halls)

   [ring of willpower]

   rF:        It protects you from fire.
   Will:      It increases your willpower.
 w - the ring of Wiymam {rPois rN+ Will+}
   (You found it on level 4 of the Depths)

   [ring of positive energy]

   rPois:     It protects you from poison.
   rN:        It protects you from negative energy.
   Will:      It increases your willpower.
 y - a +4 ring of slaying (right hand)
 A - the macabre finger necklace (around neck) {Finger+ rN+}
   (You found it on level 5 of the Pits of Slime)

   [amulet of nothing]

   Finger+:   It enables you to equip an extra ring.
   rN:        It protects you from negative energy.
 C - the ring "Ryweoj" {rF+ rC++ Str-3 SInv}
   (You found it on level 5 of the Pits of Slime)

   [ring of see invisible]

   Str:       It affects your strength (-3).
   rF:        It protects you from fire.
   rC:        It greatly protects you from cold.
   SInv:      It lets you see invisible.
 E - the ring "Xymazouv" {rN+++ Int+5 Dex+6 Slay-2}
   (You took it off a deep elf demonologist on level 3 of the Elven Halls)

   [ring of dexterity]

   Int:       It affects your intelligence (+5).
   Dex:       It affects your dexterity (+6).
   Slay:      It affects your accuracy & damage with ranged weapons and melee
   (-2).
   rN:        It renders you almost immune to negative energy.
 K - the ring "Fasyj" (left hand) {rC+ MP+9 Slay+3 SInv}
   (You found it on level 7 of the Dungeon)

   [ring of magical power]

   Slay:      It affects your accuracy & damage with ranged weapons and melee
   (+3).
   rC:        It protects you from cold.
   MP:        It affects your magic capacity (+9).
   SInv:      It lets you see invisible.
Wands
 o - a wand of iceblast (51)
 r - a wand of charming (59)
 s - a wand of digging (37)
 z - a wand of flame (73)
 U - a wand of mindburst (17)
 Y - a wand of acid (26)
Scrolls
 d - 14 scrolls of fog
 g - 11 scrolls of blinking
 i - 7 scrolls of amnesia
 l - a scroll of brand weapon
 m - 22 scrolls of teleportation
 p - 5 scrolls of fear
 t - 42 scrolls of identify
 u - 5 scrolls of butterflies
 v - 10 scrolls of poison
 x - 7 scrolls of immolation
 I - 4 scrolls of silence
 J - 13 scrolls of enchant weapon
 L - 2 scrolls of magic mapping
Potions
 b - 6 potions of might
 c - 12 potions of heal wounds
 q - 8 potions of invisibility
 D - 23 potions of curing
 H - 18 potions of haste
 O - 2 potions of brilliance
 R - 7 potions of resistance
 S - 4 potions of magic
 T - 2 potions of mutation
Miscellaneous
 W - the horn of Geryon


   Skills:
 O Level 27 Fighting
 - Level 24.9 Maces & Flails
 - Level 4.7 Throwing
 - Level 23.7 Armour
 - Level 7.0 Dodging
 - Level 6.1 Stealth
 O Level 27 Shields
 + Level 10.9 Necromancy
 - Level 4.1 Evocations


You had 26 spell levels left.
You didn't know any spells.
Your spell library contained the following spells:

 Spells                   Type           Power      Damage    Failure   Level
 Necrotise                Necr           60%        1d7       2%          1
 Vampiric Draining        Necr           15%        2d7       8%          3
 Agony                    Necr           15%        N/A       56%         5
 Apportation              Tloc           0%         N/A       92%         1
 Beastly Appendage        Tmut           0%         N/A       92%         1
 Foxfire                  Conj/Fire      0%         2x1d4     92%         1
 Freeze                   Ice            0%         1d3       92%         1
 Magic Dart               Conj           0%         1d3       92%         1
 Sandblast                Erth           0%         2d4       92%         1
 Slow                     Hex            0%         N/A       92%         1
 Sting                    Tmut/Pois      0%         1d3       92%         1
 Summon Small Mammal      Summ           0%         N/A       92%         1
 Anguish                  Hex/Necr       3%         N/A       94%         4
 Call Imp                 Summ           0%         N/A       98%         2
 Ensorcelled Hibernation  Hex/Ice        0%         N/A       98%         2
 Lesser Beckoning         Tloc           0%         N/A       98%         2
 Passwall                 Tmut/Erth      0%         N/A       98%         2
 Poisonous Vapours        Pois/Air       0%         N/A       98%         2
 Searing Ray              Conj           0%         2d4       98%         2
 Wereblood                Tmut           0%         N/A       98%         2
 Death Channel            Necr           7%         N/A       98%         6
 Call Canine Familiar     Summ           0%         N/A       100%        3
 Confusing Touch          Hex            0%         N/A       100%        3
 Dazzling Flash           Conj/Hex       0%         N/A       100%        3
 Frozen Ramparts          Ice            0%         1d1       100%        3
 Gell's Gravitas          Tloc           0%         N/A       100%        3
 Hailstorm                Conj/Ice       0%         3d3       100%        3
 Inner Flame              Hex/Fire       0%         N/A       100%        3
 Kindle Blastsparks       Fire/Tloc/Air  0%         2d10      100%        3
 Mephitic Cloud           Conj/Pois/Air  0%         N/A       100%        3
 Ozocubu's Armour         Ice            0%         N/A       100%        3
 Portal Projectile        Hex/Tloc       0%         N/A       100%        3
 Spider Form              Tmut/Pois      0%         N/A       100%        3
 Stone Arrow              Conj/Erth      0%         3d7       100%        3
 Swiftness                Air            0%         N/A       100%        3
 Teleport Other           Tloc           0%         N/A       100%        3
 Tukima's Dance           Hex            0%         N/A       100%        3
 Airstrike                Air            0%         2d(0-16)  100%        4
 Cause Fear               Hex            0%         N/A       100%        4
 Flame Wave               Conj/Fire      0%         2d4       100%        4
 Fulminant Prism          Conj/Hex       0%         3d5       100%        4
 Ice Form                 Ice/Tmut       0%         N/A       100%        4
 Iskenderun's Mystic Bla  Conj/Tloc      0%         2d3       100%        4
 Leda's Liquefaction      Hex/Erth       0%         N/A       100%        4
 Manifold Assault         Tloc           0%         N/A       100%        4
 Olgreb's Toxic Radiance  Pois           0%         N/A       100%        4
 Passage of Golubria      Tloc           0%         N/A       100%        4
 Summon Ice Beast         Ice/Summ       0%         N/A       100%        4
 Summon Lightning Spire   Summ/Air       0%         N/A       100%        4
 Arcjolt                  Conj/Air       0%         1d10      100%        5
 Blade Hands              Tmut           0%         N/A       100%        5
 Borgnjor's Vile Clutch   Necr/Erth      3%         N/A       100%        5
 Fireball                 Conj/Fire      0%         3d3       100%        5
 Irradiate                Conj/Tmut      0%         3d11      100%        5
 Lee's Rapid Deconstruct  Erth           0%         3d4*      100%        5
 Lightning Bolt           Conj/Air       0%         1d11      100%        5
 Silence                  Hex/Air        0%         N/A       100%        5
 Summon Mana Viper        Hex/Summ       0%         N/A       100%        5
 Yara's Violent Unravell  Hex/Tmut       0%         3d3       100%        5
 Conjure Ball Lightning   Conj/Air       0%         3x3d6     100%        6
 Dispersal                Tloc           0%         N/A       100%        6
 Starburst                Conj/Fire      0%         6d3       100%        6
 Dragon Form              Tmut           0%         N/A       100%        7
 Enfeeble                 Hex            0%         N/A       100%        7
 Monstrous Menagerie      Summ           0%         N/A       100%        7
 Ozocubu's Refrigeration  Ice            0%         4d7       100%        7
 Storm Form               Tmut/Air       0%         N/A       100%        7
 Discord                  Hex            0%         N/A       100%        8
 Disjunction              Tloc           0%         N/A       100%        8
 Ignition                 Fire           0%         3d3       100%        8
 Lehudib's Crystal Spear  Conj/Erth      0%         10d2      100%        8
 Maxwell's Capacitive Co  Air            0%         ∞         100%        8
 Polar Vortex             Ice            0%         N/A       100%        9
 Animate Dead             Necr           Unusable   N/A       N/A         4
 Simulacrum               Ice/Necr       Unusable   N/A       N/A         6
 Statue Form              Tmut/Erth      Unusable   N/A       N/A         6

Dungeon Overview and Level Annotations

Branches:
Dungeon (15/15)            Temple (1/1) D:6            Lair (5/5) D:10
  Swamp (4/4) Lair:3       Spider (4/4) Lair:3        Slime (5/5) Lair:5
    Orc (2/2) D:12            Elf (3/3) Orc:2        Vaults (5/5) D:13
  Crypt (0/3) Vaults:2     Depths (4/4) D:15           Hell (visited)
    Dis (0/7) Hell            Geh (0/7) Hell            Coc (0/7) Hell
    Tar (0/7) Hell            Zot (5/5) Depths:4     Bailey (visited)
  IceCv (visited)          WizLab (visited)         Gauntlet (visited)

Altars:
Ashenzari
Cheibriados
Dithmenos
Elyvilon
Fedhas
Gozag
Hepliaklqana
Kikubaaqudgha
Makhleb
Nemelex Xobeh
Okawaru
Qazlal
Ru
Sif Muna
Trog
Uskayaw
Vehumet
Wu Jian
Xom
Yredelemnul
Zin
The Shining One
Jiyva
Lugonu

Shops:
D:4 [   D:7 (   D:9 *   D:11 (   D:12 [!*   D:14 [   Orc:1 [   Orc:2 **((
Elf:1 :   Zot:5 =*[(   Depths:2 **([   Depths:4 [([([(

Portals:
Hell: Depths:1 Depths:2 Depths:3 Depths:4
Abyss: Swamp:2 Depths:3
Pandemonium: Depths:1 Depths:2 Depths:3
Ziggurat: Depths:1
Bazaar: Elf:2

Annotations:
Swamp:1 Roxanne
Swamp:2 2 transporters, gabibbone's ghost, adept TeFi
Elf:1 3 runed translucent doors, Zanukk's ghost, journeyman SpDe
Vaults:2 4 runed translucent doors
Depths:1 2 transporters, Unolod's ghost, adept MiBe
Hell exclusion: ice statue
Zot:4 1 transporter


Innate Abilities, Weirdness & Mutations

You are immune to sickness and miasma.
Your stone body is resilient. (AC +20)
You are immune to poison.
Your large and strong wings let you fly.
You resist negative energy. (rN+)
You are resistant to electric shocks. (rElec)
You are resistant to unholy torment.
You are immune to petrification.
You have a pair of small antennae on your head.
You have supernaturally acute eyesight. (SInv)
You are agile. (Dex +4, Str/Int -1)
You are robust. (+10% HP)
You occasionally shout uncontrollably at your foes.


Message History

There is a stone staircase leading down here.
There is a stone staircase leading up here.
You fly upwards.
There is a stone staircase leading down here.
There is a stone staircase leading up here.
You fly upwards.
There is a stone staircase leading down here.
You sense a monster nearby.
There is a stone staircase leading down here.
The giant cockroach attacks as you move away!
You block the giant cockroach's attack.
The giant cockroach attacks as you move away!
You block the giant cockroach's attack.
The giant cockroach bites you but does no damage.
The giant cockroach attacks as you move away!
You block the giant cockroach's attack.
The giant cockroach attacks as you move away!
You block the giant cockroach's attack.
The giant cockroach waves its antennae.
The giant cockroach bites you but does no damage.
You perforate the giant cockroach like a sieve!!!
You kill the giant cockroach!
You now have 4064 gold pieces (gained 5).
(D) Dungeon (T) Temple (L) Lair (S) Swamp (N) Spider Nest (M) Slime Pits (O) Orcish Mines (E) Elven Halls (V) Vaults (C) Crypt (U) Depths (H) Hell (I) Dis (G) Gehenna (X) Cocytus (Y) Tartarus (Z) Zot
Where to? (Enter - D:1, ? - help)
Things that are here:
a +0 scale mail; a +0 short sword
There is a stone staircase leading up here.
You fly upwards.
There is a stone staircase leading down here.
You beat the plant like a drum!!!
The plant begins to die.
The plant writhes in agony.
The plant is moderately damaged.
There is a staircase leading out of the dungeon here.
You can't go down here!
You have escaped!

..........#..♣♣P>P♣♣..##.##
......#...##..♣♣.♣♣..##..#
###..#....#♣.........♣#.##
##......#♣.♣.~~~.♣.♣#.#######
####÷#...#♣..~~8~~..♣#.#.....##
##....#...#♣.♣.~~~.♣.♣#........##
......#...#♣.........♣#.........#
......######..♣♣.♣♣..##.........#
......÷# #..♣♣P@P♣♣..#.........#
.......#####..#####..##.........#
######.##.'...~≈≈≈≈...'.........#
#.##.#############........##
#.##..###....#.........)..#.
#.###.....#..#.####..###.... #.#
#.#####..#..# ##........
#####.###.# #..##.# #####.#..
#.........# #..##.### #.....


There were no monsters in sight!

Vanquished Creatures
  the Royal Jelly (Slime:5)
  2 dread liches
  5 orbs of fire
  Mara (Vaults:5)
  3 ancient liches
  A juggernaut (Depths:2)
  Parghit (Depths:3)
  Sojobo (Depths:1)
  11 Killer Klowns
  Saint Roka (Depths:2)
  4 curse toes
  Geryon (Hell)
  13 golden dragons
  A bone dragon (Depths:3)
  Arachne (Spider:4)
  the Enchantress (Depths:1)
  7 electric golems
  Mlioglotl (Lair:3)
  A walking crystal tome (Depths:2)
  Jorgrun (Swamp:2)
  23 tentacled monstrosities
  12 quicksilver dragons
  A lich (Depths:1)
  The ghost of Aclimpov the Metallomancer, an adept GrEE of Vehumet (Vaults:2)
  An Ice Fiend (IceCv)
  3 deep elf blademasters
  A moon troll (WizLab)
  6 death cobs
  Asterion (Spider:2)
  26 Orb Guardians
  A titan (Vaults:5)
  23 acid blobs
  2 deep elf master archers (Elf:3)
  9 tentacled starspawn (WizLab)
  15 tengu reavers
  14 shadow dragons
  7 sphinxes
  2 thorn hunters (Swamp:4)
  16 storm dragons
  Frances (Swamp:1)
  5 draconian monks
  Agnes (Elf:1)
  13 azure jellies
  10 rockslimes
  12 draconian knights
  7 deep elf sorcerers
  12 vault wardens
  9 fire giants
  Louise (Spider:2)
  2 balrugs
  8 draconian scorchers
  8 frost giants
  6 iron dragons
  5 cacodemons
  2 emperor scorpions (Spider:4)
  2 caustic shrike zombies
  Aizul (Swamp:2)
  4 orc warlords
  10 ghost moths
  7 draconian shifters
  4 draconian stormcallers
  4 deep elf elementalists (Elf:3)
  A reaper (Hell)
  12 quicksilver oozes
  18 ironbound preservers
  2 broodmothers (Spider:4)
  10 war gargoyles
  3 spriggan defenders (Depths:1)
  A quicksilver ooze (shapeshifter) (Vaults:5)
  15 very ugly things
  8 draconian annihilators
  5 green draconians
  11 stone giants
  11 ironbound thunderhulks
  A vampire knight (Depths:2)
  4 eleionomae
  6 red draconians
  12 deep elf demonologists
  32 dire elephants
  13 purple draconians
  Nessos (D:13)
  A lorocyproca (Zot:3)
  A bunyip (shapeshifter) (Vaults:5)
  4 deep elf annihilators (Elf:3)
  8 white draconians
  9 black draconians
  Azrael (Orc:2)
  8 yellow draconians
  A minotaur (Gauntlet)
  6 spark wasps
  4 bunyips
  6 deep elf death magi
  11 ettins
  3 jiangshi (Depths:2)
  A merfolk impaler (Depths:1)
  3 green deaths
  A mummy priest (Hell)
  13 yaktaur captains
  Josephine (Swamp:1)
  7 deep elf high priests
  8 entropy weavers
  6 crystal guardians
  2 shambling mangroves
  5 fire dragons
  A fire dragon (shapeshifter) (Vaults:4)
  29 vault guards
  Harold (D:9)
  Erolcha (Orc:2)
  15 great orbs of eyes
  8 ice dragons
  11 hydras
  2 rakshasas
  12 spriggan air magi
  11 centaur warriors
  2 hell beasts
  A radroach (Spider:3)
  A ghost crab (Swamp:4)
  4 caustic shrike simulacra (IceCv)
  An anaconda (shapeshifter) (Vaults:5)
  3 peacekeepers
  2 catoblepae
  8 ironbound frosthearts
  2 ogre magi (Vaults:5)
  A death knight (D:14)
  Erica (D:11)
  24 dancing weapons
  4 jorogumos
  11 boulder beetles
  14 alligators
  4 tengu warriors
  6 hell hogs
  10 two-headed ogres
  5 deep troll earth magi
  2 death yaks (Lair:5)
  2 thrashing horrors (Swamp:4)
  2 deep troll shamans (Depths:1)
  4 orc high priests (Orc:2)
  A soul eater (Hell)
  21 hell knights
  A vampire mage (Depths:2)
  3 titan zombies (Hell)
  6 sun demons
  A storm dragon zombie (Depths:1)
  4 spriggan berserkers
  The ghost of Iidacon the Skirmisher, a novice MiHu of Fedhas (D:7)
  17 deep elf knights
  A salamander mystic (Depths:2)
  4 iron trolls (Depths:4)
  9 skeletal warriors
  A spark wasp zombie (D:15)
  4 sun moths
  6 pharaoh ants
  2 golden dragon zombies (Hell)
  11 orb spiders
  A spectral anaconda (Lair:5)
  4 flayed ghosts
  5 spriggan druids
  20 starcursed masses (WizLab)
  A shadow demon (Depths:3)
  A goliath frog (shapeshifter) (Vaults:5)
  8 lindwurms
  A quicksilver dragon simulacrum (Depths:3)
  7 steelbarb worms
  7 goliath frogs
  4 obsidian statues
  6 swamp dragons
  12 bog bodies
  A golden dragon skeleton (Depths:3)
  A steelbarb worm (shapeshifter) (Vaults:5)
  60 deep trolls
  An orange crystal statue (WizLab)
  26 deep elf zephyrmancers
  12 deep elf archers
  5 phantasmal warriors
  4 wizards
  An iron dragon zombie (Hell)
  4 harpies
  25 ironbound convokers
  9 orc knights
  13 glowing orange brains
  A tengu zombie (Depths:3)
  An anaconda skeleton (Hell)
  2 sphinx zombies
  28 deep elf pyromancers
  23 wolf spiders
  A shining eye (Slime:3)
  2 large abominations (Swamp:4)
  13 necromancers
  3 tengu skeletons (Vaults:2)
  23 ugly things
  A fire giant zombie (Hell)
  3 cyclopes
  6 orc sorcerers
  2 stone giant zombies
  2 salamanders (shapeshifter)
  A frost giant zombie (Hell)
  4 salamanders (Depths:2)
  2 manticores (D:14)
  4 will-o-the-wisps
  11 rust devils
  42 moths of wrath
  4 black mambas
  7 elephants
  2 elephants (shapeshifter) (Vaults:5)
  4 orange demons (Swamp:4)
  Maurice (Orc:2)
  2 smoke demons
  12 cane toads
  4 gargoyles
  A molten gargoyle (D:15)
  4 torpor snails
  4 eyes of devastation (WizLab)
  A hellion (Depths:4)
  16 vault sentinels
  2 sea snake zombies (Hell)
  13 demonic crawlers
  Psyche (D:10)
  Maggie (Lair:2)
  A kobold demonologist (D:13)
  6 komodo dragons
  28 yaktaurs
  An anaconda simulacrum (IceCv)
  A komodo dragon (shapeshifter) (Depths:2)
  3 rime drakes
  2 tengu conjurers
  7 ice devils
  12 freezing wraiths
  2 hellwings
  A red devil (Depths:1)
  2 golden dragon simulacra (IceCv)
  4 human skeletons (Vaults:2)
  A queen bee (Gauntlet)
  2 polar bears
  8 tyrant leeches
  12 hornets
  A bloated husk (Swamp:4)
  11 trolls
  29 tarantellas
  A sphinx simulacrum (Depths:3)
  6 meliai
  99 slime creatures
  2 spriggan zombies (Hell)
  8 blink frogs
  A snapping turtle (shapeshifter) (Vaults:5)
  A hydra skeleton (Hell)
  A frost giant simulacrum (Depths:3)
  27 jumping spiders
  A spriggan skeleton (D:15)
  13 spriggans
  2 ettin skeletons
  19 culicivoras
  Sigmund (D:2)
  5 shadows
  A ynoxinul (Depths:3)
  2 air elementals (Elf:1)
  A wyvern (D:10)
  A vampire (D:10)
  8 water elementals
  6 wraiths
  7 fire elementals
  16 humans (D:13)
  A fire bat (shapeshifter) (Depths:2)
  8 fire bats
  11 golden eyes
  45 yaks
  2 neqoxecs
  3 elf skeletons (Vaults:2)
  7 vampire mosquitoes
  6 basilisks
  2 death yak simulacra (Lair:5)
  51 redbacks
  A steam dragon (D:8)
  A chaos spawn (Depths:3)
  13 swamp worms
  A warg (shapeshifter) (Depths:4)
  A harpy simulacrum (IceCv)
  2 glowing shapeshifter zombies
  3 wargs
  A swamp worm (shapeshifter) (Vaults:3)
  2 acid dragons
  11 water moccasins
  8 hell hounds
  A glowing shapeshifter skeleton (Vaults:5)
  5 hydra simulacra
  A floating eye (Depths:4)
  2 swamp drakes
  3 ice beasts
  A sky beast (shapeshifter) (Depths:2)
  53 orc warriors
  A swamp drake (shapeshifter) (Vaults:5)
  2 ogre skeletons (Vaults:5)
  3 ettin simulacra (IceCv)
  5 black bears
  9 wolves
  9 centaurs
  14 ogres
  14 bullfrogs
  4 kobold brigands
  2 necrophages
  2 earth elementals (Elf:1)
  A gnoll sergeant (D:12)
  3 scorpions
  2 deep troll simulacra (IceCv)
  2 cane toad simulacra (Lair:5)
  7 wights
  An elephant simulacrum (Lair:5)
  14 killer bees
  An electric eel (Lair:3)
  6 howler monkeys
  4 lava snakes
  9 jellies
  A hound (D:5)
  29 orc priests
  Crazy Yiuf (D:2)
  31 orc wizards
  Terence (D:2)
  2 iguanas (D:6)
  2 hell rats (Lair:4)
  7 gnolls
  11 river rats (Lair:4)
  6 adders
  A shadow imp (D:8)
  3 white imps
  A worm (D:3)
  5 dart slugs
  111 orcs
  11 endoplasms
  2 giant cockroaches
  9 goblins
  5 hobgoblins
  10 jackals
  5 quokkas
  8 ball pythons
  7 bats
  4 frilled lizards
  23 kobolds
  5 rats
  A demonic plant (WizLab)
  8 fire vortices
  10 starspawn tentacles (WizLab)
2467 creatures vanquished.

Vanquished Creatures (others)
  A bloated husk (Swamp:1)
  An air elemental (Elf:3)
  A fire elemental (Elf:3)
  An orc warrior (Orc:2)
  An ogre (Vaults:5)
  An orc priest (Orc:1)
  An orc (D:8)
  4 creeping infernos (Hell)
  A demonic plant (WizLab)
  A fire vortex (Hell)
  16 foxfires
  21 fungi
  102 plants
  14 starspawn tentacles (WizLab)
  10 toadstools (D:6)
  17 withered plants
193 creatures vanquished.

Grand Total: 2660 creatures vanquished

Notes
Turn   | Place    | Note
-------+----------+-------------------------------------------
     0 | D:1      | gohu the Gargoyle Fighter began the quest for the Orb.
     0 | D:1      | Reached XP level 1. HP: 14/14 MP: 1/1
    93 | D:1      | Found a faded altar of an unknown god.
   112 | D:1      | Reached XP level 2. HP: 19/19 MP: 2/2
   340 | D:1      | Reached XP level 3. HP: 23/24 MP: 3/3
   717 | D:2      | Noticed Terence
   730 | D:2      | Killed Terence
   731 | D:2      | Reached XP level 4. HP: 27/29 MP: 4/4
  1051 | D:2      | Noticed Sigmund
  1070 | D:2      | Killed Sigmund
  1071 | D:2      | Reached XP level 5. HP: 28/33 MP: 5/5
  1071 | D:2      | Reached XP level 6. HP: 32/38 MP: 6/6
  1320 | D:2      | Found a runed translucent door.
  1320 | D:2      | Found the +6 shillelagh "Devastator" {shatter}
  1321 | D:2      | Noticed Crazy Yiuf
  1328 | D:2      | Gained mutation: You are partially covered in iridescent
                  | scales. (AC +2) [potion of mutation]
  1328 | D:2      | Gained mutation: Your spells are a little harder to cast,
                  | but a little more powerful. [potion of mutation]
  1328 | D:2      | Gained mutation: You have sharp toenails. [potion of
                  | mutation]
  1331 | D:2      | Killed Crazy Yiuf
  1560 | D:3      | Noticed an ice beast
  1591 | D:3      | Killed an ice beast
  1722 | D:3      | Reached skill level 5 in Maces & Flails
  1745 | D:3      | Reached XP level 7. HP: 39/44 MP: 7/7
  2140 | D:4      | Found Plog's Armour Shoppe.
  2263 | D:4      | Bought a +0 pair of gloves for 54 gold pieces
  2292 | D:4      | Reached skill level 5 in Armour
  2656 | D:5      | Entered Level 5 of the Dungeon
  2802 | D:5      | Reached XP level 8. HP: 44/48 MP: 8/8
  2805 | D:5      | Found a shadowy altar of Dithmenos.
  3257 | D:5      | Reached skill level 5 in Shields
  3334 | D:6      | Reached skill level 5 in Fighting
  3843 | D:6      | Found a staircase to the Ecumenical Temple.
  3851 | Temple   | Entered the Ecumenical Temple
  4027 | Temple   | Became a worshipper of Gozag Ym Sagoz the Greedy
  4458 | D:6      | Got the Precepts of Attacks
  4473 | D:6      | Reached XP level 9. HP: 54/54 MP: 9/9
  4521 | D:6      | Found a burning altar of Makhleb.
  4522 | D:6      | Found a bloodstained altar of Trog.
  4522 | D:6      | Found a hide-covered altar of Uskayaw.
  4524 | D:6      | Found an iron altar of Okawaru.
  4524 | D:6      | Found a shimmering blue altar of Sif Muna.
  4526 | D:6      | Found a glowing golden altar of the Shining One.
  4527 | D:6      | Found a hazy altar of Hepliaklqana.
  4767 | D:7      | Identified the +1 falchion of Paogysuv {freeze, Fly MP+9
                  | Str-3 Int+7}
  5151 | D:7      | Reached XP level 10. HP: 61/61 MP: 10/10
  5225 | D:7      | Reached skill level 10 in Maces & Flails
  5300 | D:7      | Identified the ring "Fasyj" {rC+ MP+9 Slay+3 SInv}
  5474 | D:4      | Bought the +4 chain mail of Gluttony {Dex+2} for 428 gold
                  | pieces
  5587 | D:7      | Found a runed translucent gate.
  5589 | D:7      | Found a runed translucent gate.
  5589 | D:7      | Found a runed translucent gate.
  5589 | D:7      | Identified the +5 plate armour "Titwicaf" {rC+ Regen+
                  | Slay+3}
  5596 | D:7      | Noticed Iidacon's ghost (novice MiHu)
  5700 | D:7      | Found Giuhuror's Weapon Shoppe.
  6285 | D:8      | Found a sparkling altar of Nemelex Xobeh.
  6304 | D:8      | Identified the amulet "Yrecois" {Faith Int+4}
  6474 | D:8      | Identified the +1 kite shield of Fun and Games {rC+}
  6607 | D:9      | Noticed Harold
  6624 | D:9      | Killed Harold
  6643 | D:9      | Found Vaerghet's Blasphemy Boutique.
  6699 | D:9      | Found a flagged portal.
  6713 | Bailey   | Entered a bailey
  6840 | Bailey   | Noticed an orc knight
  6861 | Bailey   | Killed an orc knight
  6866 | Bailey   | Reached XP level 11. HP: 17/68 MP: 11/11
  7598 | D:10     | Entered Level 10 of the Dungeon
  7688 | D:10     | Reached skill level 10 in Armour
  7845 | D:10     | Noticed Psyche
  7853 | D:10     | Killed Psyche
  7951 | D:10     | Noticed a two-headed ogre
  7957 | D:10     | Killed a two-headed ogre
  8019 | D:10     | Found a staircase to the Lair.
  8037 | D:10     | Noticed a two-headed ogre
  8042 | D:10     | Killed a two-headed ogre
  8322 | Lair:1   | Entered Level 1 of the Lair of Beasts
  8403 | Lair:1   | Found a gate leading to a gauntlet.
  8413 | Gauntlet | Entered a Gauntlet
  8413 | Gauntlet | Found a transporter.
  8413 | Gauntlet | Found a transporter.
  8413 | Gauntlet | Found a runed translucent door.
  8413 | Gauntlet | Found a runed translucent door.
  8431 | Gauntlet | Found a transporter.
  8432 | Gauntlet | Found a transporter.
  8437 | Gauntlet | Noticed a worldbinder
  8439 | Gauntlet | Found a transporter.
  8443 | Gauntlet | Found a transporter.
  8450 | Gauntlet | Noticed a hell hog
  8454 | Gauntlet | Found a transporter.
  8470 | Gauntlet | Found a transporter.
  8473 | Gauntlet | Noticed an orange crystal statue
  8484 | Gauntlet | Found a transporter.
  8488 | Gauntlet | Found a transporter.
  8488 | Gauntlet | Noticed a catoblepas
  8496 | Gauntlet | Found a transporter.
  8500 | Gauntlet | Found a transporter.
  8552 | Gauntlet | Reached XP level 12. HP: 70/75 MP: 12/12
  8589 | Gauntlet | Killed a catoblepas
  8590 | Gauntlet | Reached skill level 10 in Shields
  8613 | Gauntlet | Identified the +1 pair of gloves of Jodocsen {*Slow rC+
                  | Stlth+}
  8640 | Gauntlet | Killed a hell hog
  8664 | Gauntlet | Identified the amulet "Dokleak" {Spirit rF+ rC+}
  8846 | Gauntlet | Identified the +0 plate armour of Inquiry {rF++ SInv}
  8846 | Gauntlet | Noticed a minotaur
  8857 | Gauntlet | Killed a minotaur
  8864 | Gauntlet | Identified the +5 rapier "Udukovow" {vorpal, *Noise rElec
                  | rCorr Int-5}
  9216 | Lair:1   | Noticed a boulder beetle
  9239 | Lair:1   | Killed a boulder beetle
  9685 | Lair:2   | Noticed a boulder beetle
  9693 | Lair:2   | Killed a boulder beetle
  9938 | Lair:2   | Noticed Maggie
  9946 | Lair:2   | Killed Maggie
 10441 | Lair:3   | Found a hole to the Spider Nest.
 10565 | Lair:3   | Reached XP level 13. HP: 82/82 MP: 13/13
 10882 | Lair:3   | Found a staircase to the Swamp.
 10923 | Lair:3   | Reached skill level 10 in Fighting
 11975 | Lair:5   | Entered Level 5 of the Lair of Beasts
 12009 | Lair:5   | Found a staircase to the Slime Pits.
 12025 | Lair:5   | Found a viscous altar of Jiyva.
 12253 | Lair:5   | Identified the +11 trident of the Enchanted Forest {vorpal,
                  | rCorr Stlth+}
 12645 | Lair:5   | Noticed a dire elephant
 12645 | Lair:5   | Noticed a dire elephant
 12645 | Lair:5   | Noticed a dire elephant
 12658 | Lair:5   | Killed a dire elephant
 12712 | Lair:5   | Identified the ring of Ociprio {rElec EV+4}
 12837 | Lair:5   | Gained mutation: Your large and strong wings let you fly.
                  | [Gargoyle growth]
 12837 | Lair:5   | Reached XP level 14. HP: 91/91 MP: 14/14
 12863 | Lair:5   | Killed a dire elephant
 12870 | Lair:5   | Killed a dire elephant
 13476 | D:7      | Killed Iidacon's ghost
 13507 | D:7      | Identified the +2 helmet of the Harp {rPois rC+ rCorr Int+2
                  | Stlth-}
 13671 | Spider:1 | Entered Level 1 of the Spider Nest
 13692 | Spider:1 | Noticed a ghost moth
 13814 | Spider:1 | Killed a ghost moth
 14237 | Spider:1 | Noticed a ghost moth
 14280 | Spider:1 | Killed a ghost moth
 14490 | Spider:1 | Reached skill level 15 in Shields
 14934 | Spider:1 | Reached XP level 15. HP: 100/100 MP: 15/15
 15116 | D:11     | Found Mimi Wio's Antique Weapon Shoppe.
 15134 | D:11     | Reached skill level 15 in Armour
 15310 | D:11     | Reached XP level 16. HP: 92/105 MP: 16/16
 15485 | D:11     | Noticed Erica
 15491 | D:11     | Killed Erica
 15924 | D:12     | Found a white marble altar of Elyvilon.
 15965 | D:12     | Found a staircase to the Orcish Mines.
 16298 | D:13     | Noticed Nessos
 16298 | D:13     | Found a gate to the Vaults.
 16310 | D:13     | Killed Nessos
 16913 | Orc:1    | Entered Level 1 of the Orcish Mines
 16982 | Orc:1    | Found Othreoci's Antique Armour Boutique.
 17252 | Orc:2    | Entered Level 2 of the Orcish Mines
 17263 | Orc:2    | Noticed Erolcha
 17281 | Orc:2    | Killed Erolcha
 17363 | Orc:2    | Noticed Azrael
 17382 | Orc:2    | Killed Azrael
 17620 | Orc:2    | Noticed Maurice
 17630 | Orc:2    | Found a staircase to the Elven Halls.
 17636 | Orc:2    | Killed Maurice
 18044 | Orc:2    | Reached skill level 15 in Fighting
 18076 | Orc:2    | Found Omoocw's Antique Weapon Emporium.
 18076 | Orc:2    | Found Ubousaapp's Antique Weapon Shop.
 18119 | Orc:2    | Found Gakat's Assorted Antiques.
 18119 | Orc:2    | Found Zinalew's Assorted Antiques.
 18127 | Orc:2    | Bought 2 scrolls of enchant weapon for 375 gold pieces
 18127 | Orc:2    | Bought a potion of haste for 250 gold pieces
 18127 | Orc:2    | Bought a scroll of identify for 50 gold pieces
 18127 | Orc:2    | Bought a potion of heal wounds for 125 gold pieces
 18127 | Orc:2    | Bought a potion of heal wounds for 125 gold pieces
 18128 | Orc:2    | Bought 2 ruby potions for 45 gold pieces
 18128 | Orc:2    | Bought a scroll of teleportation for 75 gold pieces
 18128 | Orc:2    | Bought a potion of heal wounds for 125 gold pieces
 18711 | D:12     | Bought a potion of haste for 210 gold pieces
 18732 | D:12     | Bought a potion of curing for 51 gold pieces
 18735 | D:12     | Bought a +1 pair of gloves of strength for 346 gold pieces
 18899 | Spider:2 | Noticed Louise
 18933 | Spider:2 | Killed Louise
 19212 | Spider:2 | Noticed Asterion
 19224 | Spider:2 | Killed Asterion
 19457 | Spider:3 | Reached XP level 17. HP: 93/113 MP: 5/17
 20705 | Spider:4 | Entered Level 4 of the Spider Nest
 20791 | Spider:4 | Reached skill level 1 in Dodging
 21430 | Spider:4 | Got the Encyclopedia of the Battered Songs
 21468 | Spider:4 | Noticed Arachne
 21518 | Spider:4 | Killed Arachne
 21671 | Spider:4 | Got a gossamer rune of Zot
 21783 | Spider:4 | Reached XP level 18. HP: 124/124 MP: 18/18
 22432 | Swamp:1  | Entered Level 1 of the Swamp
 22507 | Swamp:1  | Identified Roxanne's Quarto of Forms
 22507 | Swamp:1  | Noticed Roxanne
 22547 | Swamp:1  | Noticed Mlioglotl
 22552 | Swamp:1  | Noticed a bone dragon
 22574 | Lair:3   | Killed Mlioglotl
 22628 | Swamp:1  | Noticed Josephine
 22652 | Swamp:1  | Killed Josephine
 22726 | Swamp:1  | Identified the +1 leather armour of Honour {Harm rPois
                  | Will+}
 22961 | Swamp:1  | Noticed Frances
 22979 | Swamp:1  | Killed Frances
 23105 | Swamp:2  | Found a transporter.
 23162 | Swamp:2  | Noticed a profane servitor
 23226 | Swamp:2  | Found a one-way gate to the infinite horrors of the Abyss.
 23226 | Swamp:2  | Noticed gabibbone's ghost (adept TeFi)
 23276 | Swamp:2  | Found a transporter.
 23369 | Swamp:2  | Noticed Aizul
 23382 | Swamp:2  | Killed Aizul
 23476 | Swamp:2  | Noticed Jorgrun
 23494 | Swamp:2  | Killed Jorgrun
 24145 | Swamp:3  | Noticed a tentacled monstrosity
 24154 | Swamp:3  | Killed a tentacled monstrosity
 24400 | Swamp:4  | Entered Level 4 of the Swamp
 24909 | Swamp:4  | Reached XP level 19. HP: 130/130 MP: 19/19
 24993 | Swamp:4  | Reached skill level 15 in Maces & Flails
 25052 | Swamp:4  | Noticed a tentacled monstrosity
 25066 | Swamp:4  | Killed a tentacled monstrosity
 25073 | Swamp:4  | Reached skill level 1 in Stealth
 25131 | Swamp:4  | Got a decaying rune of Zot
 25405 | Vaults:1 | Entered Level 1 of the Vaults
 25691 | D:14     | Found Ronudirr's Armour Boutique.
 25709 | D:14     | Bought a +1 pair of boots of rampaging for 247 gold pieces
 26254 | D:15     | Entered Level 15 of the Dungeon
 26271 | D:15     | Found a frozen archway.
 26280 | IceCv    | Entered an ice cave
 26546 | IceCv    | Noticed an Ice Fiend
 26558 | IceCv    | Killed an Ice Fiend
 26575 | IceCv    | Reached XP level 20. HP: 108/137 MP: 20/20
 26776 | D:15     | Found a staircase to the Depths.
 26907 | D:15     | Identified the +6 falchion "Joxakkif" {protect, rPois MP+9
                  | Dex+3}
 27072 | D:15     | Identified the +1 leather armour of Sing {Rampage rCorr
                  | Str+4}
 27894 | Vaults:1 | Reached XP level 21. HP: 117/144 MP: 21/21
 29923 | Vaults:2 | Found a staircase to the Crypt.
 30151 | Vaults:2 | Found a large runed translucent door.
 30152 | Vaults:2 | Found a large runed translucent door.
 30152 | Vaults:2 | Noticed Aclimpov's ghost (adept GrEE)
 30157 | Vaults:2 | Found a large runed translucent door.
 30157 | Vaults:2 | Found a large runed translucent door.
 30159 | Vaults:2 | Found a large runed translucent door.
 30159 | Vaults:2 | Found a large runed translucent door.
 30160 | Vaults:2 | Found a large runed translucent door.
 30160 | Vaults:2 | Found a large runed translucent door.
 30420 | Vaults:2 | Killed Aclimpov's ghost
 30675 | Elf:1    | Entered Level 1 of the Elven Halls
 30733 | Elf:1    | Paralysed by an air elemental for 1 turns
 30848 | Elf:1    | Identified the ring of Okokhlof {rPois Str+3 Int+2 Dex-4
                  | SInv}
 30926 | Elf:1    | Noticed Agnes
 30929 | Elf:1    | Killed Agnes
 31150 | Elf:1    | Paralysed by an air elemental for 1 turns
 31180 | Elf:1    | Reached XP level 22. HP: 131/153 MP: 22/22
 31424 | Elf:1    | Found Simokk's Book Boutique.
 31429 | Elf:1    | Found a runed translucent gate.
 31429 | Elf:1    | Found a runed translucent gate.
 31429 | Elf:1    | Found a runed translucent gate.
 31431 | Elf:1    | Noticed Zanukk's ghost (journeyman SpDe)
 31433 | Elf:1    | Found a viscous altar of Jiyva.
 31731 | Elf:2    | Found a gateway to a bazaar.
 31815 | Elf:2    | Found a runed translucent gate.
 31815 | Elf:2    | Found a runed translucent gate.
 31815 | Elf:2    | Found a runed translucent gate.
 32166 | Elf:2    | Reached skill level 5 in Stealth
 32555 | Elf:3    | Entered Level 3 of the Elven Halls
 33347 | Elf:3    | Identified the ring "Xymazouv" {rN+++ Int+5 Dex+6 Slay-2}
 33684 | Elf:3    | Got the Octavo of Gritty Rime
 33728 | Elf:3    | Identified the ring "Aneir" {rF+ Will+}
 33731 | Elf:3    | Identified the +10 spear "Diepryot" {vorpal, rPois rC-
                  | rN+++ Int+3}
 33731 | Elf:3    | Found the +3 pair of seven-league boots {Rampage+∞}
 33738 | Elf:3    | Identified the +11 chain mail of the Buccaneer {+Inv Regen+
                  | rCorr}
 33776 | Elf:3    | Identified the +1 ring mail of the Prince of Darkness {rC+
                  | SInv}
 34426 | Vaults:3 | Reached XP level 23. HP: 160/160 MP: 23/23
 35601 | Vaults:4 | Identified the +8 triple crossbow of Louqur {vorpal, +Blink
                  | Int+2}
 36582 | Vaults:5 | Entered Level 5 of the Vaults
 36582 | Vaults:5 | Noticed Mara
 36588 | Vaults:5 | Noticed an ancient lich
 36623 | Vaults:5 | Killed an ancient lich
 36875 | Vaults:5 | Noticed a dread lich
 36877 | Vaults:5 | Noticed an ancient lich
 36882 | Vaults:5 | Reached XP level 24. HP: 169/169 MP: 23/23
 36899 | Vaults:5 | Killed a dread lich
 36904 | Vaults:5 | Killed an ancient lich
 37118 | Vaults:5 | Paralysed by an ogre mage for 4 turns
 37302 | Vaults:5 | Noticed gohu's illusion
 37320 | Vaults:5 | Killed Mara
 37424 | Vaults:5 | Paralysed by a sphinx for 4 turns
 37582 | Vaults:5 | Identified the +3 mace of Gomusch {flame, Dex+3}
 37592 | Vaults:5 | Got a silver rune of Zot
 37689 | Vaults:5 | Identified the +4 morningstar "Lipava" {elec, *Slow rElec
                  | rPois rN++ Int-2}
 38081 | Vaults:5 | Identified a scroll of acquirement
 38096 | Vaults:5 | Acquired 780 gold pieces
 38129 | Vaults:5 | Identified the +4 scale mail "Nomonoelo" {Str+6}
 38705 | Slime:1  | Entered Level 1 of the Pits of Slime
 39260 | Slime:3  | Reached XP level 25. HP: 168/176 MP: 23/23
 39362 | Slime:5  | Entered Level 5 of the Pits of Slime
 39558 | Slime:5  | Gained mutation: Armour fits poorly on your strangely
                  | shaped body. [a shining eye]
 39682 | Slime:5  | Found a viscous altar of Jiyva.
 39683 | Slime:5  | Noticed the Royal Jelly
 39746 | Slime:5  | Paralysed by a great orb of eyes for 3 turns
 39846 | Slime:4  | Reached XP level 26. HP: 184/184 MP: 23/23
 39888 | Slime:5  | Killed the Royal Jelly
 40193 | Slime:5  | Paralysed by a great orb of eyes for 4 turns
 40450 | Slime:5  | Found the macabre finger necklace {rN+}
 40484 | Slime:5  | Identified the ring "Ryweoj" {rF+ rC++ Str-3 SInv}
 40487 | Slime:5  | Got a slimy rune of Zot
 40490 | Slime:5  | Identified the +0 pair of gloves of Boredom {Harm Int+2
                  | Dex-3 Stlth+}
 40524 | Slime:5  | Identified the ring of Waoschaj {rElec rC+}
 40621 | Slime:5  | Identified the +4 dagger "Ippotz" {vorpal, Str+3 Stlth+}
 40995 | Depths:1 | Entered Level 1 of the Depths
 41035 | Depths:1 | Noticed the Enchantress
 41083 | Depths:1 | Killed the Enchantress
 41121 | Depths:1 | Found a one-way gateway to a ziggurat.
 41173 | Depths:1 | Found a magical portal.
 41176 | WizLab   | Entered Lehudib's Moon Base
 41233 | WizLab   | Found a transporter.
 41359 | WizLab   | Reached skill level 27 in Shields
 41808 | WizLab   | Identified the +1 helmet of Inaction {Rampage rC+ rN+++
                  | Int-5}
 41879 | WizLab   | Found a transporter.
 42327 | WizLab   | Paralysed by accursed screaming for 1 turns
 42420 | WizLab   | Identified the +2 cloak of the Sparrow {Dex+4}
 42586 | Depths:1 | Noticed Sojobo
 42615 | Depths:1 | Paralysed by an air elemental for 1 turns
 42622 | Depths:1 | Killed Sojobo
 42917 | Depths:1 | Identified the +5 giant spiked club of the Badger {flame,
                  | Str+6 Int-3}
 42923 | Depths:1 | Noticed Unolod's ghost (adept MiBe)
 42924 | Depths:1 | Found a transporter.
 42924 | Depths:1 | Found a transporter.
 43002 | Depths:1 | Found a one-way gate leading to the halls of Pandemonium.
 43229 | Depths:1 | Found an ancient bone altar of Kikubaaqudgha.
 43493 | Depths:1 | Found a gateway to Hell.
 43638 | Depths:2 | Found Duloas's General Store.
 43641 | Depths:2 | Bought 2 scrolls of enchant armour for 195 gold pieces
 43641 | Depths:2 | Bought a scroll of blinking for 97 gold pieces
 43641 | Depths:2 | Bought a potion of might for 52 gold pieces
 43799 | Depths:2 | Found Ziprevomaj's Antique Armour Shoppe.
 43868 | Depths:2 | Noticed Saint Roka
 43884 | Depths:2 | Killed Saint Roka
 44161 | Depths:2 | Found Leocseol's Antique Weapon Emporium.
 44404 | Depths:2 | Reached XP level 27. HP: 159/192 MP: 23/23
 44530 | Depths:2 | Identified the +4 trident of Ucul {freeze, rElec rCorr}
 44610 | Depths:2 | Noticed a juggernaut
 44620 | Depths:2 | Killed a juggernaut
 44678 | Depths:2 | Identified the ring of the Grinning Gods {rPois Dex+7}
 44731 | Depths:2 | Identified the +10 hand axe of Sudden Death {spect, rElec
                  | rN+}
 44731 | Depths:2 | Identified the +2 dagger of the Baking Gods {vorpal, *Noise
                  | rF+ rC++ Int+2}
 44825 | Depths:2 | Found Japhal's General Store.
 44873 | Depths:2 | Bought a potion of resistance for 150 gold pieces
 45350 | Depths:3 | Found a bloodstained altar of Trog.
 45512 | Depths:3 | Identified the +3 ring mail "Yxkire" {Harm *Slow Dex+4}
 45545 | Depths:3 | Noticed Parghit
 45808 | Depths:3 | Killed Parghit
 46637 | Depths:3 | Found a corrupted altar of Lugonu.
 46696 | Depths:4 | Entered Level 4 of the Depths
 47237 | Depths:4 | Identified the ring of Wiymam {rPois rN+ Will+}
 47739 | Depths:4 | Bought a glowing tower shield for 300 gold pieces
 47739 | Depths:4 | Bought a pair of polished gloves for 380 gold pieces
 47739 | Depths:4 | Identified the +0 pair of gloves of the Butterfly {rF++}
                  | (You bought it in a shop on level 4 of the Depths)
 47813 | Depths:4 | Found a gate to the Realm of Zot.
 48139 | Depths:4 | Found Akilainakh's Armour Emporium.
 48141 | Depths:4 | Found Fietoimi's Antique Armour Shop.
 48143 | Depths:4 | Found Unti's Weapon Emporium.
 48268 | Hell     | Entered the Vestibule of Hell
 48268 | Hell     | Noticed Geryon
 48278 | Hell     | Killed Geryon
 49264 | Hell     | Found a gateway to the decaying netherworld of Tartarus.
 49314 | Hell     | Found a gateway to the freezing wastes of Cocytus.
 49397 | Hell     | Found a gateway to the Iron City of Dis.
 49496 | Hell     | Found a gateway to the ashen valley of Gehenna.
 49572 | Zot:1    | Entered Level 1 of the Realm of Zot
 50403 | Zot:1    | You are sucked into a shaft and drop 1 floor!
 50838 | Zot:2    | Reached skill level 27 in Fighting
 50883 | Zot:2    | Reached skill level 1 in Throwing
 51274 | Zot:2    | Identified the +1 robe "Zycs" {Harm Will+ Int-5}
 53740 | Zot:3    | Noticed an orb of fire
 53746 | Zot:3    | Gained mutation: You have hidden genetic defects. [an orb
                  | of fire]
 53750 | Zot:3    | Killed an orb of fire
 53753 | Zot:3    | Lost mutation: Armour fits poorly on your strangely shaped
                  | body. [potion of mutation]
 53753 | Zot:3    | Lost mutation: You have sharp toenails. [potion of
                  | mutation]
 53753 | Zot:3    | Lost mutation: Your spells are a little harder to cast, but
                  | a little more powerful. [potion of mutation]
 53753 | Zot:3    | Gained mutation: You have sharp fingernails. [potion of
                  | mutation]
 53754 | Zot:3    | Lost mutation: You have sharp fingernails. [potion of
                  | mutation]
 53754 | Zot:3    | Lost mutation: You are partially covered in iridescent
                  | scales. (AC +2) [potion of mutation]
 53754 | Zot:3    | Gained mutation: You are weak. (Str -2) [potion of
                  | mutation]
 53754 | Zot:3    | Gained mutation: You are robust. (+10% HP) [potion of
                  | mutation]
 53754 | Zot:3    | Gained mutation: Your flesh is cold resistant. (rC+)
                  | [potion of mutation]
 53755 | Zot:3    | Lost mutation: Your flesh is cold resistant. (rC+) [potion
                  | of mutation]
 53755 | Zot:3    | Lost mutation: You have hidden genetic defects. [potion of
                  | mutation]
 53755 | Zot:3    | Lost mutation: You are robust. (+10% HP) [potion of
                  | mutation]
 53755 | Zot:3    | Gained mutation: You have hidden genetic defects. [potion
                  | of mutation]
 53755 | Zot:3    | Gained mutation: You occasionally lose the ability to read
                  | scrolls when taking damage. [potion of mutation]
 53755 | Zot:3    | Lost mutation: You have hidden genetic defects. [potion of
                  | mutation]
 53756 | Zot:3    | Lost mutation: You occasionally lose the ability to read
                  | scrolls when taking damage. [potion of mutation]
 53756 | Zot:3    | Lost mutation: You are weak. (Str -2) [potion of mutation]
 53756 | Zot:3    | Gained mutation: Your mind is acute. (Int +4, Str/Dex -1)
                  | [potion of mutation]
 53756 | Zot:3    | Gained mutation: You have supernaturally acute eyesight.
                  | (SInv) [potion of mutation]
 53756 | Zot:3    | Gained mutation: You expend magic power (3 MP) to
                  | strengthen your wands. [potion of mutation]
 54976 | Zot:4    | Identified the +7 flail of Courage {vamp, +Blink Dex+4}
 54982 | Zot:4    | Found a transporter.
 54985 | Zot:4    | Found the +7 sceptre of Torment {pain, torment}
 55134 | Zot:4    | Found a transporter.
 55247 | Zot:4    | Reached skill level 1 in Evocations
 56316 | Zot:5    | Entered Level 5 of the Realm of Zot
 56405 | Zot:5    | Reached skill level 1 in Necromancy
 56747 | Zot:5    | Reached skill level 5 in Necromancy
 56751 | Zot:5    | Noticed an orb of fire
 56752 | Zot:5    | Noticed an orb of fire
 56772 | Zot:5    | Noticed an orb of fire
 56772 | Zot:5    | Gained mutation: You occasionally lose the ability to drink
                  | potions when taking damage. [an orb of fire]
 56773 | Zot:5    | Gained mutation: You are frail. (-10% HP) [an orb of fire]
 56773 | Zot:5    | Noticed an orb of fire
 56775 | Zot:4    | Gained mutation: You occasionally shout uncontrollably at
                  | your foes. [an orb of fire]
 56787 | Zot:4    | Gained mutation: You are vulnerable to heat. (rF-) [an orb
                  | of fire]
 56790 | Zot:4    | Killed an orb of fire
 56800 | Zot:4    | HP: 1/268 [orb of fire/fireball (29)]
 56801 | Zot:4    | Killed an orb of fire
 57154 | Zot:4    | Lost mutation: You expend magic power (3 MP) to strengthen
                  | your wands. [potion of mutation]
 57154 | Zot:4    | Lost mutation: You have supernaturally acute eyesight.
                  | (SInv) [potion of mutation]
 57154 | Zot:4    | Lost mutation: You occasionally lose the ability to drink
                  | potions when taking damage. [potion of mutation]
 57154 | Zot:4    | Gained mutation: You are agile. (Dex +4, Str/Int -1)
                  | [potion of mutation]
 57155 | Zot:4    | Lost mutation: You are agile. (Dex +4, Str/Int -1) [potion
                  | of mutation]
 57155 | Zot:4    | Lost mutation: Your mind is acute. (Int +4, Str/Dex -1)
                  | [potion of mutation]
 57155 | Zot:4    | Gained mutation: Your magical capacity is low. (-10% MP)
                  | [potion of mutation]
 57155 | Zot:4    | Gained mutation: You have a pair of small antennae on your
                  | head. [potion of mutation]
 57155 | Zot:4    | Gained mutation: Your mind is acute. (Int +4, Str/Dex -1)
                  | [potion of mutation]
 57156 | Zot:4    | Lost mutation: Your magical capacity is low. (-10% MP)
                  | [potion of mutation]
 57156 | Zot:4    | Lost mutation: You occasionally shout uncontrollably at
                  | your foes. [potion of mutation]
 57156 | Zot:4    | Gained mutation: You have a pair of antennae on your head.
                  | [potion of mutation]
 57156 | Zot:4    | Gained mutation: You occasionally shout uncontrollably at
                  | your foes. [potion of mutation]
 57164 | Zot:4    | Lost mutation: You are frail. (-10% HP) [potion of
                  | mutation]
 57164 | Zot:4    | Lost mutation: You have a pair of antennae on your head.
                  | [potion of mutation]
 57164 | Zot:4    | Lost mutation: Your mind is acute. (Int +4, Str/Dex -1)
                  | [potion of mutation]
 57164 | Zot:4    | Gained mutation: You are partially covered in iridescent
                  | scales. (AC +2) [potion of mutation]
 57164 | Zot:4    | Gained mutation: Your spells are a little harder to cast,
                  | but a little more powerful. [potion of mutation]
 57165 | Zot:4    | Lost mutation: You are vulnerable to heat. (rF-) [potion of
                  | mutation]
 57165 | Zot:4    | Lost mutation: You are partially covered in iridescent
                  | scales. (AC +2) [potion of mutation]
 57165 | Zot:4    | Lost mutation: You have a pair of small antennae on your
                  | head. [potion of mutation]
 57165 | Zot:4    | Gained mutation: You are agile. (Dex +4, Str/Int -1)
                  | [potion of mutation]
 57165 | Zot:4    | Gained mutation: You have a pair of small horns on your
                  | head. [potion of mutation]
 57168 | Zot:4    | Upgraded the game from 0.30-a0-476-g330ca2eb8e to
                  | 0.30-a0-721-ga6a225cb13
 57173 | Zot:5    | Noticed a dread lich
 57176 | Zot:4    | Gained mutation: You occasionally lose the ability to drink
                  | potions when taking damage. [an orb of fire]
 57178 | Zot:4    | Gained mutation: Your magical capacity is low. (-10% MP)
                  | [an orb of fire]
 57180 | Zot:4    | Gained mutation: You sometimes lose your temper in combat.
                  | [an orb of fire]
 57182 | Zot:4    | Killed an orb of fire
 57185 | Zot:4    | Reached skill level 5 in Dodging
 57274 | Zot:4    | Killed an orb of fire
 57280 | Zot:4    | Killed a dread lich
 57416 | Zot:5    | Noticed an ancient lich
 57432 | Zot:5    | Killed an ancient lich
 58056 | Zot:5    | Reached skill level 10 in Necromancy
 58270 | Zot:5    | Bought a potion of haste for 470 gold pieces
 58276 | Zot:5    | Bought the +1 pair of boots of Polaf {rC+ Regen+ Str+3
                  | Dex+6} for 720 gold pieces
 58306 | Zot:5    | Got the Orb of Zot
 58463 | Zot:2    | Lost mutation: You sometimes lose your temper in combat.
                  | [potion of mutation]
 58463 | Zot:2    | Lost mutation: You are agile. (Dex +4, Str/Int -1) [potion
                  | of mutation]
 58463 | Zot:2    | Gained mutation: You are robust. (+10% HP) [potion of
                  | mutation]
 58464 | Zot:2    | Lost mutation: You occasionally lose the ability to drink
                  | potions when taking damage. [potion of mutation]
 58464 | Zot:2    | Lost mutation: Your magical capacity is low. (-10% MP)
                  | [potion of mutation]
 58464 | Zot:2    | Lost mutation: Your spells are a little harder to cast, but
                  | a little more powerful. [potion of mutation]
 58464 | Zot:2    | Gained mutation: You possess an exceptional clarity of
                  | mind. [potion of mutation]
 58464 | Zot:2    | Gained mutation: You are vulnerable to heat. (rF-) [potion
                  | of mutation]
 58465 | Zot:2    | Lost mutation: You possess an exceptional clarity of mind.
                  | [potion of mutation]
 58465 | Zot:2    | Lost mutation: You are vulnerable to heat. (rF-) [potion of
                  | mutation]
 58465 | Zot:2    | Lost mutation: You have a pair of small horns on your head.
                  | [potion of mutation]
 58465 | Zot:2    | Gained mutation: You have a pair of small antennae on your
                  | head. [potion of mutation]
 58465 | Zot:2    | Gained mutation: You have supernaturally acute eyesight.
                  | (SInv) [potion of mutation]
 58465 | Zot:2    | Gained mutation: You are agile. (Dex +4, Str/Int -1)
                  | [potion of mutation]
 58707 | D:6      | Noticed War Agai the pandemonium lord
 58814 | D:$      | Escaped with the Orb!

Illustrated notes

Levels and vault maps discovered:
D:1:      tarquinn_simple_flora_water_b, layout_rooms,
          ebering_ecumenical_altar_rust, grunt_decor_junction
D:2:      layout_loops_ring, serial_forest, infiniplex_forest_lined_room_2,
          infiniplex_forest_straight_2, infiniplex_forest_lined_corner,
          infiniplex_forest_straight_3, infiniplex_forest_lined_2,
          infiniplex_forest_lined_3, infiniplex_forest_lined_4_way,
          infiniplex_forest_clump_small, uniq_crazy_yiuf_cottage, uniq_sigmund,
          uniq_terence
D:3:      layout_basic, eino_curves_03, st_stairs_5, minmay_hedge_maze,
          grunt_ministairs_7
D:4:      layout_gridville, serial_shops, kennysheep_little_box,
          kennysheep_cluttered_room, minmay_misc_feat_encased,
          minmay_misc_feat_tiny
D:5:      layout_loops_ring, grunt_dithmenos_smoke
D:6:      cheibrodos_fertilizer, layout_basic, grunt_temple_overflow_open,
          minmay_temple_entry_water_ring
D:7:      layout_cave_pods, serial_shops, shop, biasface_ghost_orc_armoury
D:8:      layout_rooms, nemelex_spade_bored_becter
D:9:      layout_cave_pools, enter_bailey_8, nicolae_evil_shop, uniq_harold
D:10:     layout_basic, lair_entry_dummy, kennysheep_generic_room_16,
          uniq_psyche
D:11:     layout_loops_ring, serial_shops, nicolae_stop_n_shop_1, uniq_erica
D:12:     layout_rooms, orc_0_dummy, elyvilon_altar_3
D:13:     layout_basic, david_vaults_3
D:14:     layout_small_grid, serial_shops,
          nicolae_shop_competitors_out_of_business, dreamdust_princess_corridor
D:15:     gammafunk_depths_entry_grave, layout_basic,
          portal_ice_cave_entry_pillars_1, special_room [special_room_orc]
Temple:   nicolae_temple_bog_church
Lair:1:   layout_misc_corridors, gauntlet_entry_generic, minivault_27,
          lemuel_fruit_tree, grunt_megastairs_3, serial_bayou_shore_b
Lair:2:   layout_loops_ring, serial_bayou_crossing, serial_bayou_shore_b,
          infiniplex_staircase_pool_2, uniq_maggie
Lair:3:   layout_regular_city, nicolae_swamp_entry_splash_gauntlet,
          spider_nest_entry_rubble, chequers_serial_rivers_small_a,
          serial_bayou_shore_b, grunt_megastairs_2, serial_bayou_shore_a
Lair:4:   layout_regular_city, kennysheep_rathole
Lair:5:   due_jungle_book, layout_gridlike, minmay_slime_entry_pillars
Swamp:1:  layout_falls_marsh, evilmike_swamp_ruin_house_3, swamp_pool1,
          uniq_josephine, uniq_mlioglotl, uniq_frances, uniq_roxanne
Swamp:2:  layout_falls_marsh, gammafunk_ghost_abyssal_escape,
          evilmike_swamp_ruin_house_4, hangedman_swamp_double_dragon,
          uniq_aizul, uniq_jorgrun
Swamp:3:  layout_falls_marsh, evilmike_swamp_ruin_house_1
Swamp:4:  swamp_vile, layout_basic_swamp
Spider:1: layout_spider_delve, hangedman_spider_tarantella_strand
Spider:2: layout_spider_delve, uniq_asterion, uniq_louise
Spider:3: layout_cave_pods, nicolae_crawler_farm
Spider:4: johnstein_spider_rune_arachne_lair, nicolae_spider_nook
Slime:1:  layout_caves
Slime:2:  layout_caves
Slime:3:  cheibrodos_slime_lost_civilization_1, layout_caves,
          cheibrodos_slime_lost_civilization_5
Slime:4:  layout_caves, uniq_donald
Slime:5
Orc:1:    layout_caves, basic_altar, serial_shops, shop
Orc:2:    grunt_orc_tribal_feast, layout_caves, basic_altar, uniq_azrael,
          uniq_maurice, uniq_erolcha
Elf:1:    layout_loops_cross, gammafunk_ghost_ooze, serial_shops, shop,
          hangedman_elven_crosses_minicolossus, uniq_agnes
Elf:2:    elven_hall_of_blades_hangedman_original [nicolae_blade_tridents],
          layout_geoelf_octagon, serial_shops, bzr_entry_safe
Elf:3:    elf_hall, layout_gridlike, st_stairs_10, minmay_misc_feat_rows
Vaults:1: portal_desolation_entry_ruin, v_rooms_5, v_misc_19,
          hangedman_vaults_variations, nicolae_vaults_network_periphery,
          ontoclasm_vaults_decontamination, vaults_room_pool,
          nicolae_vaults_rhombus_5, nicolae_vaults_border_crossing,
          dpeg_vaults_monster_box, layout_vaults_omnigrid
Vaults:2: advil_vaults_ghost_lines, vaults_room_fours, ontoclasm_vaults_spin,
          nicolae_vaults_little_squares_5, vaults_room_semicircle,
          nicolae_vaults_little_squares_6, v_misc_24, v_alt_pattern_5,
          minmay_crypt_entry_skeletal_spiral, ontoclasm_vaults_fault,
          vaults_room_hallway, nicolae_vaults_what_the_h,
          nicolae_vaults_circle_grid_a, vaults_dpeg_cross,
          hangedman_vaults_river_flow, nicolae_vaults_mini_display_case,
          nicolae_vaults_statue_guard, layout_vaults_omnicross
Vaults:3: hangedman_vaults_maws, v_pattern_2, hangedman_vaults_corner,
          nicolae_vaults_angled_halls, vaults_dpeg_spiral, vaults_room_boxed,
          nicolae_vaults_little_squares_5, ontoclasm_vaults_shout, v_misc_24,
          hangedman_vaults_cutoff, hangedman_vaults_stream, layout_vaults_maze
Vaults:4: nicolae_vaults_little_squares_3, v_alt_pattern_1,
          ontoclasm_vaults_loading_screen, kb_rosetta, v_misc_18,
          hangedman_vaults_stagger, ontoclasm_vaults_misaligned,
          nicolae_vaults_yaktaur_gun_rack, grunt_vaults_focal,
          vaults_room_pools, v_misc_5, layout_vaults_big_room
Vaults:5: uniq_mara
Depths:1: layout_gridlike, enter_ziggurat_d, hell_entry, grunt_pan_entry_zigzag,
          gammafunk_ghost_smash, mu_enter_wizlab_7,
          lemuel_zombie_altar_kikubaaqudgha, serial_bayou_shore_b,
          uniq_enchantress, uniq_sojobo
Depths:2: minmay_the_grid_3x2 [minmay_the_grid_holed_spiral,
          minmay_the_grid_airy, minmay_the_grid_artifice,
          minmay_the_grid_spikes, minmay_the_grid_empty,
          minmay_the_grid_prize_shrinking_boxes], layout_basic, serial_shops,
          nicolae_shop_crystal, nicolae_stop_n_shop_2, nicolae_stop_n_shop_2,
          nicolae_shop_statue_plus, hell_entry, pan_entry, nrook_pool_corridor,
          minmay_staircase_windowed_large, uniq_saint_roka
Depths:3: dreamdust_tengu_aerie, layout_gridlike, abyss_entry_flame_altar,
          grunt_mini_vestibule, grunt_pan_entry_in_and_out,
          trog_three_pillars_becter, uniq_parghit
Depths:4: grunt_zot_entry_funnels, layout_cave_shapes,
          nicolae_concentric_dashed_squares_wild, hell_entry,
          grunt_ministairs_7, nicolae_wooded_promenade,
          minmay_misc_feat_ornament
Hell
Zot:1:    kennysheep_blocky_hall, layout_onion
Zot:2:    layout_gridlike, st_single_dragon_hoard_3
Zot:3:    layout_gridlike, st_small_dragon_hoard_3
Zot:4:    gammafunk_dig_for_victory, layout_misc_corridors
Zot:5:    layout_twisted_circle

Skill      XL: |  1  2  3  4  5  6  7  8  9 10 11 12 13 14 15 16 17 18 19 20 21 22 23 24 25 26 27 |
---------------+----------------------------------------------------------------------------------+-----
Armour         | 4 5 6 8 9 10 12 13 14 15 16 17 18 19 20 21 23 | 23.7
Maces & Flails | 4 5 6 8 9 11 12 13 14 15 16 17 18 19 20 21 24 | 24.9
Fighting       | 4 5 6 7 8 9 11 13 15 17 18 19 20 21 22 23 24 27 | 27.0
Shields        | 4 5 6 7 9 11 13 15 17 19 20 21 22 24 25 26 27 | 27.0
Dodging        | 1 2 3 4 7 |  7.0
Stealth        | 3 4 5 6 |  6.1
Throwing       | 4 |  4.7
Evocations     | 4 |  4.1
Necromancy     | 10 | 10.9

Action                     |  1- 3 |  4- 6 |  7- 9 | 10-12 | 13-15 | 16-18 | 19-21 | 22-24 | 25-27 || total
---------------------------+-------+-------+-------+-------+-------+-------+-------+-------+-------++-------
  Melee: Flail             |    92 |    67 |       |       |       |       |       |       |       ||   159
         Shillelagh        |       |    24 |   160 |   299 |   379 |  1118 |   835 |  1441 |   280 ||  4536
         Kick              |       |     3 |     4 |       |       |       |       |       |       ||     7
         Eveningstar       |       |       |       |       |       |       |       |       |  2496 ||  2496
         Headbutt          |       |       |       |       |       |       |       |       |    75 ||    75
  Throw: Boomerang         |     2 |       |       |       |       |       |       |       |       ||     2
         Javelin           |       |       |       |     8 |     6 |     2 |       |       |     9 ||    25
 Invoke: Potion Petition   |       |       |       |     2 |       |     2 |       |     1 |    11 ||    16
         Call Merchant     |       |       |       |       |       |     3 |       |       |     7 ||    10
    Use: Potion            |     1 |     4 |       |       |    11 |     1 |     1 |       |    20 ||    38
         Scroll            |       |       |       |     3 |    10 |     2 |     1 |     1 |    36 ||    53
   Stab: Distracted        |       |       |     1 |     3 |     3 |     7 |     6 |    27 |    26 ||    73
         Invisible         |       |       |       |       |       |     4 |       |       |     5 ||     9
 Armour: Scale mail        |    57 |    42 |    67 |     2 |       |       |       |       |       ||   168
         Chain mail        |       |       |       |    83 |       |       |       |       |       ||    83
         Pearl dragon scal |       |       |       |    29 |    89 |       |       |       |       ||   118
         Plate armour      |       |       |       |       |   102 |   605 |   341 |   666 |   531 ||  2245
         Gold dragon scale |       |       |       |       |       |       |       |       |  1279 ||  1279
  Dodge: Dodged            |    53 |    23 |    56 |    94 |    84 |   215 |   147 |   212 |   600 ||  1484
  Block: Buckler           |    25 |    21 |    32 |     5 |       |       |       |       |       ||    83
         Kite shield       |       |       |       |   137 |   169 |   635 |   362 |   667 |   114 ||  2084
         Tower shield      |       |       |       |       |       |       |       |       |  2459 ||  2459

Table legend: (Time is in decaauts)
 A = Elapsed time spent in this place.
 B = Non-inter-level travel time spent in this place.
 C = Inter-level travel time spent in this place.
 D = Time resting spent in this place.
 E = Time spent auto-exploring this place.
 F = Levels seen in this place.
 G = Mean time per level.
                   A        B        C        D        E       F      G
               +--------+--------+--------+--------+--------+-----+--------+
         Total |  56836 |  53052 |   3784 |   4757 |  33674 |  58 |  979.9 |
       Dungeon |  11767 |  10476 |   1291 |     31 |   7873 |  15 |  784.5 |
        Temple |    208 |    171 |     37 |      0 |     99 |   1 |  208.0 |
          Lair |   5401 |   4715 |    686 |    251 |   3583 |   5 | 1080.2 |
         Swamp |   2758 |   2643 |    115 |      0 |   1893 |   4 |  689.5 |
   Spider Nest |   4468 |   4213 |    255 |    155 |   3105 |   4 | 1117.0 |
    Slime Pits |   1823 |   1823 |      0 |    472 |     90 |   5 |  364.6 |
  Orcish Mines |   1878 |   1647 |    231 |      0 |   1271 |   2 |  939.0 |
   Elven Halls |   3176 |   3031 |    145 |     82 |   2044 |   3 | 1058.7 |
        Vaults |   7109 |   6608 |    501 |     77 |   4842 |   5 | 1421.8 |
        Depths |   6761 |   6511 |    250 |   1378 |   3473 |   4 | 1690.2 |
          Hell |    583 |    583 |      0 |      0 |    228 |   1 |  583.0 |
           Zot |   8292 |   8025 |    267 |   2002 |   4057 |   5 | 1658.4 |
        Bailey |    448 |    448 |      0 |    156 |     67 |   1 |  448.0 |
      Ice Cave |    452 |    452 |      0 |      0 |    297 |   1 |  452.0 |
        Wizlab |   1243 |   1243 |      0 |      4 |    750 |   1 | 1243.0 |
      Gauntlet |    462 |    462 |      0 |    147 |      0 |   1 |  462.0 |
               +--------+--------+--------+--------+--------+-----+--------+

Top non-repeatable levels by time:
   Zot:4: 2719 daAuts
Depths:4: 2317 daAuts
Depths:3: 1953 daAuts
   Zot:3: 1831 daAuts
   Zot:2: 1723 daAuts
Vaults:2: 1701 daAuts
Vaults:5: 1579 daAuts
Spider:4: 1531 daAuts
  Lair:5: 1488 daAuts
  Lair:3: 1471 daAuts
Vaults:1: 1456 daAuts
   Elf:3: 1317 daAuts
Spider:3: 1301 daAuts
     D:7: 1287 daAuts
Depths:1: 1283 daAuts
